 Dungeon Crawl Stone Soup version 0.28.0-49-g6dfe1f597d (webtiles) character file.

Game seed: 16067888492722417780

86 Zeld the Insei (level 4, 0/28 HPs)
             Began as an Octopode Transmuter on May 11, 2022.
             Killed from afar by Natasha (9 damage)
             ... with a magic dart
             ... on level 3 of the Dungeon.
             The game lasted 00:02:49 (2708 turns).

Zeld the Insei (Octopode Transmuter)                Turns: 2708, Time: 00:02:50

Health: 0/28       AC:  2    Str: 11    XL:     4   Next: 49%
Magic:  1/7        EV: 19    Int: 15    God:
Gold:   87         SH:  0    Dex: 17    Spells: 2/8 levels left

rFire   . . .      SeeInvis .     - Unarmed
rCold   . . .      Faith    .   (shield currently unavailable)
rNeg    . . .      Spirit   .   (helmet currently unavailable)
rPois   x          Reflect  .   (no amulet)
rElec   .          Harm     .   (no ring)
rCorr   .          Rampage  .   (no ring)
Will    .....                   (no ring)
Stlth   ++........              (no ring)
HPRegen 0.09/turn               (no ring)
MPRegen 0.10/turn               (no ring)
                                (no ring)
                                (no ring)

@: spider-form, very slightly contaminated
A: venomous fangs, almost no armour, (amphibious), 8 rings, tiny, (camouflage
1), (gelatinous body 1), (nimble swimmer 1), (tentacles)
a: End Transformation


You were on level 3 of the Dungeon.
You were a venomous arachnid creature.
You visited 1 branch of the dungeon, and saw 3 of its levels.

You collected 87 gold pieces.

Inventory:

Scrolls
 b - 2 scrolls of identify {unknown}
 d - a scroll of enchant weapon {unknown}
 e - a scroll of teleportation {unknown}
Potions
 a - 2 potions of resistance {unknown}
 c - a potion of curing {unknown}
 f - a potion of berserk rage {unknown}
 g - a potion of attraction {unknown}
 h - a potion of ambrosia {unknown}


   Skills:
 + Level 1.5 Fighting
 + Level 2.4 Dodging
 + Level 1.4 Stealth
 + Level 3.3 Unarmed Combat
 * Level 2.5 Spellcasting
 * Level 2.5 Transmutations
 + Level 0.7 Ice Magic
 + Level 1.2 Poison Magic


You had 2 spell levels left.
You knew the following spells:

 Your Spells              Type           Power      Damage    Failure   Level
a - Beastly Appendage     Tmut           18%        N/A       21%         1
b - Wereblood             Tmut           9%         N/A       26%         2
c - Spider Form           Tmut/Pois      7%         N/A       50%         3

Your spell library contained the following spells:

 Spells                   Type           Power      Damage    Failure   Level
 Apportation              Tloc           2%         N/A       43%         1
 Ice Form                 Ice/Tmut       6%         N/A       87%         4
 Alistair's Intoxication  Tmut/Pois      4%         N/A       99%         5


Dungeon Overview and Level Annotations

Branches:
Dungeon (3/15)

Altars:

Annotations:
D:3 Natasha


Innate Abilities, Weirdness & Mutations

You are a venomous arachnid creature.
You have poisonous fangs.
You are tiny and dextrous.
Your spellcasting is less reliable in this form.
Your armour is entirely melded.
You are incapable of wielding weapons or throwing items.
You cannot wear most types of armour.
((You are amphibious.))
You can wear up to eight rings at the same time.
((Your skin changes colour to match your surroundings (Stealth+).))
((Your rubbery body absorbs attacks. (AC +1, EV +1)))
((You are camouflaged when in or above water. (Stealth+)))
((You have tentacles for arms and can constrict up to eight enemies at once.))


Message History

You resist with some effort.
Found 13 arrows.
The kobold misses you. Natasha misses you.
Casting: Beastly Appendage (safe; 8% risk of failure)
Confirm with . or Enter, or press ? or * to list all spells.
The spell is extremely dangerous to miscast (28% risk of failure)!
Continue anyway?
Okay, then.
Really walk into that dispersal trap? [Y]es or [N]o only, please.
Really walk into that dispersal trap?
You enter a dispersal trap!
The kobold blinks!
Natasha blinks!
The kobold blinks! x2; You blink.
Your tentacle spike disappears.
Casting: Spider Form (extremely dangerous; 28% risk of failure)
Confirm with . or Enter, or press ? or * to list all spells.
The spell is extremely dangerous to miscast (28% risk of failure)!
Continue anyway?
You miscast Spider Form.
You are very lightly contaminated with residual magic.
You feel incredibly sick!
You are poisoned.
You feel sick.
Natasha howls an incantation.
Natasha shimmers violently.
Natasha completely misses you. Natasha closely misses you.
Casting: Spider Form (extremely dangerous; 28% risk of failure)
Confirm with . or Enter, or press ? or * to list all spells.
The spell is extremely dangerous to miscast (28% risk of failure)!
Continue anyway?
You turn into a venomous arachnid creature.
You feel sick. Natasha misses you.
You bite Natasha!
Natasha is poisoned.
Natasha is heavily wounded.
You feel yourself speed up.
You feel sick.
You are no longer poisoned.
Natasha closely misses you.
You closely miss Natasha.
Natasha is heavily wounded.
Natasha casts a spell at you. The magic dart hits you!
You die...

.......ยง....#.# #....
............#.# ###.#
#....K.....#.## #..
###........##..#######.#
............^...........
#......(.###.#####.###
#!.......# #.## #.#
#...)....# #..# #.#
#....s...# ##.# #.#
#....h...####.## #.#
#......[.......# #.#
...............#.# #.#
....######...(.#.# #.#
.... #.....#.###.# ...
#.....#..##.# ..
#.....##.##.#
########..#.# #


You could see Natasha (very poisoned) and a kobold.

Vanquished Creatures
  3 adders
  3 dart slugs
  6 orcs (D:3)
  2 giant cockroaches
  6 goblins
  4 hobgoblins
  3 kobolds
  3 quokkas
  7 ball pythons
  2 bats
  2 frilled lizards
  4 rats
45 creatures vanquished.

Notes
Turn   | Place    | Note
-------+----------+-------------------------------------------
     0 | D:1      | Zeld the Octopode Transmuter began the quest for the Orb.
     0 | D:1      | Reached XP level 1. HP: 13/13 MP: 3/3
   516 | D:1      | Reached XP level 2. HP: 14/18 MP: 3/5
  1000 | D:1      | Reached XP level 3. HP: 8/23 MP: 6/6
  1003 | D:1      | Learned a level 2 spell: Wereblood
  1007 | D:1      | Learned a level 3 spell: Spider Form
  1431 | D:1      | Found a faded altar of an unknown god.
  1629 | D:2      | Reached skill level 1 in Stealth
  2039 | D:2      | Reached XP level 4. HP: 28/28 MP: 5/7
  2041 | D:2      | Identified the +2 hand axe of Extremism {distort, rF++ rC+
                  | Str-4 Stlth+}
  2110 | D:2      | Reached skill level 1 in Poison Magic
  2351 | D:3      | Noticed Natasha
  2708 | D:3      | Killed from afar by Natasha

Illustrated notes

Levels and vault maps discovered:
D:1:      heliophobic_arrival_enchanted_forest, layout_basic,
          dilly_ecumenical_altar_fadedgnrine
D:2:      layout_rooms
D:3:      layout_basic, uniq_natasha

Skill      XL: |  1  2  3  4 |
---------------+-------------+-----
Stealth        | 1 |  1.4
Poison Magic   | 1 |  1.2
Fighting       | |  1.5
Dodging        | |  2.4
Unarmed Combat | |  3.3
Spellcasting   | |  2.5
Transmutations | |  2.5
Ice Magic      | |  0.7

Action                   |  1- 3 |  4- 6 || total
-------------------------+-------+-------++-------
Melee: Unarmed           |    55 |    29 ||    84
       Constrict         |    19 |     8 ||    27
       Kick              |    14 |     6 ||    20
       Tentacles         |    13 |     4 ||    17
 Cast: Beastly Appendage |    22 |     8 ||    30
       Spider Form       |       |     1 ||     1
 Stab: Sleeping          |     8 |     2 ||    10
Armor: Skin              |     1 |     1 ||     2
Dodge: Dodged            |    30 |    40 ||    70
